 Dungeon Crawl Stone Soup version 0.13-b1-1-g298bc45 (webtiles) character file.

2528 Econoterrorist the Fighter (level 9, -7/56 HPs)
             Began as a Gargoyle Fighter on Sept 27, 2013.
             Mangled by an orc warrior
             ... wielding a -1,+1 orcish glaive
              (12 damage)
             ... on Level 6 of the Dungeon.
             The game lasted 00:37:42 (5978 turns).

Econoterrorist the Fighter (Gargoyle Fighter)       Turns: 5978, Time: 00:37:42

HP  -7/56        AC 19     Str 20      XL: 9   Next: 29%
MP   8/8         EV  3     Int  9 (12) God:
Gold 400         SH 20     Dex  9      Spells:  0 memorised,  8 levels left

Res.Fire  : . . .   See Invis. : .   H - -1,+1 orc flail
Res.Cold  : . . .   Warding    : .   J - +0 orc plate armour
Life Prot.: + . .   Conserve   : .   c - +0 shield
Res.Poison: +       Res.Corr.  : .   G - +0 visored helmet
Res.Elec. : +       Clarity    : .   (no cloak)
Sust.Abil.: . .     Spirit.Shd : .   (no gloves)
Res.Mut.  : .       Stasis     : .   (no boots)
Res.Rott. : +       Flight     : .   (no amulet)
Saprovore : . . .                    (no ring)
                                     (no ring)

@: slightly resistant to hostile enchantments, extremely unstealthy
A: fangs 1, talons 2, life protection 1, electricity resistance, slow metabolism
1, unbreathing, petrification resistance, AC +5
a: no special abilities


You were on level 6 of the Dungeon.
You were not hungry.

You visited 1 branch of the dungeon, and saw 7 of its levels.
You also visited: Sewer.

You collected 380 gold pieces.

Inventory:

Hand weapons
 H - a -1,+1 orcish flail (weapon)
Armour
 c - a +0 shield (worn)
 q - a +0 fire dragon hide
 G - a +0 visored helmet (worn)
 J - a +0 orcish plate armour (worn)
Magical devices
 C - a wand of random effects (11)
Comestibles
 d - 2 bread rations
 k - 4 meat rations
 p - 2 apples
Scrolls
 g - 2 scrolls of remove curse
 i - a scroll of fog
 j - a scroll of enchant weapon I {unknown}
 t - a scroll of blinking {unknown}
 v - a scroll of teleportation {unknown}
 x - a scroll of fear {unknown}
 y - a scroll of curse jewellery {unknown}
 A - a scroll of immolation {unknown}
Potions
 b - 2 potions of heal wounds {unknown}
 f - 2 potions of curing
 m - a potion of speed
 n - a potion of brilliance {unknown}
 o - a potion of cure mutation {unknown}
 u - a potion of poison {unknown}
 z - a potion of invisibility {unknown}


   Skills:
 + Level 8.4 Fighting
 + Level 7.9 Maces & Flails
 + Level 6.3 Armour
 + Level 6.0 Shields


You had 8 spell levels left.
You didn't know any spells.

Dungeon Overview and Level Annotations

Branches:
Dungeon (7/27)
 Temple: D:4-7          Orc: D:6-11

Altars:
Fedhas
Xom

Shops:
D:5 %


Innate Abilities, Weirdness & Mutations

You are resistant to torment.
You are immune to poison.
Your stone body is very resilient (AC +5).
You have very sharp teeth.
You have razor-sharp toenails.
You resist negative energy.
You are resistant to electric shocks.
You have a slow metabolism.
You can survive without breathing.
You are immune to petrification.


Message History

The killer bee stings you but does no damage.
The orc hits you but does no damage.
The orc warrior hits you with an orcish glaive!
* * * LOW HITPOINT WARNING * * *
You block the killer bee's attack.
Drink which item? (? for menu, Esc to quit)
You feel better. The killer bee stings you.
* * * LOW HITPOINT WARNING * * *
You block the killer bee's attack. You block the orc's attack.
The orc warrior hits you with an orcish glaive.
* * * LOW HITPOINT WARNING * * *
You hit the orc warrior but do no damage.
You claw the orc warrior, but do no damage.
The orc warrior is almost dead.
The killer bee stings you but does no damage.
The killer bee stings you.
* * * LOW HITPOINT WARNING * * *
The orc hits you but does no damage.
The orc warrior hits you with an orcish glaive!
You die...

#.##%##.# ###
##.#.#.## #######
##...## #.....##
####.### #.....#[
#......# #......#
#.##.#.# #.....#.
#.##.#.# #.....##
#o##.#.# #######
#@##.#.#########
###ok............###
#..oo...............
#.....#...#.#...#...
#......#.#...#.#....
#...#...#.....#...#.
#....#..#.....#..#..
#.#...###.....###...
#..#..#..#...#..#..#


You could see an orc warrior, a killer bee and 3 orcs.

Vanquished Creatures
  The ghost of akwyp the Magician, an experienced GrSk (D:6)
  An orc warrior (D:6)
  A sky beast (D:6)
  A black bear (D:3)
  3 phantoms
  An ogre (D:4)
  Sigmund (D:2)
  A big kobold (Sewer)
  Blork the orc (D:6)
  A water moccasin (D:7)
  A yak skeleton (D:7)
  5 crimson imps
  A jelly (D:5)
  A big fish (Sewer)
  3 hounds
  2 orc priests
  3 orc wizards
  2 iguanas
  A scorpion (D:4)
  3 worker ants
  Ijyb (D:5)
  Jessica (D:2)
  A hound zombie (D:6)
  A green rat (D:6)
  5 adders
  3 giant mites
  An adder zombie (D:6)
  2 giant geckos
  An ooze (D:4)
  20 orcs
  4 ball pythons
  9 bats
  A bat zombie (D:6)
  9 giant cockroaches
  5 grey rats
  9 hobgoblins
  11 jackals
  24 kobolds
  2 quokkas
  A giant gecko skeleton (D:4)
  2 giant newts
  7 goblins
  A hobgoblin skeleton (D:4)
  A kobold skeleton (D:4)
  An orc skeleton (D:7)
  13 rats
170 creatures vanquished.

Vanquished Creatures (others)
  5 plants (D:6)
5 creatures vanquished.

Grand Total: 175 creatures vanquished

Notes
Turn   | Place    | Note
--------------------------------------------------------------
     0 | D:1      | Econoterrorist, the Gargoyle Fighter, began the quest for the Orb.
     0 | D:1      | Reached XP level 1. HP: 14/14 MP: 0/0
   409 | D:1      | Reached XP level 2. HP: 16/19 MP: 1/1
   605 | D:1      | Reached skill level 4 in Fighting
   625 | D:1      | Reached XP level 3. HP: 24/24 MP: 2/2
  1062 | D:2      | Noticed Jessica
  1078 | D:2      | Killed Jessica
  1241 | D:2      | Reached XP level 4. HP: 24/29 MP: 3/3
  1557 | D:2      | Noticed Sigmund
  1568 | D:2      | Killed Sigmund
  1568 | D:2      | Reached skill level 5 in Fighting
  1568 | D:2      | Reached XP level 5. HP: 22/34 MP: 4/4
  2292 | D:3      | Noticed a black bear
  2305 | D:3      | Killed a black bear
  2305 | D:3      | Reached skill level 5 in Maces & Flails
  2305 | D:3      | Reached XP level 6. HP: 30/40 MP: 5/5
  2504 | D:3      | Reached skill level 6 in Fighting
  2680 | D:4      | Reached XP level 7. HP: 14/44 MP: 6/6
  3511 | D:5      | Entered Level 5 of the Dungeon
  3543 | D:5      | Noticed Ijyb
  3558 | D:5      | Killed Ijyb
  3662 | D:5      | Reached skill level 7 in Fighting
  3914 | D:5      | Found Stikhes' Food Boutique.
  3946 | D:5      | Found a shimmering altar of Xom.
  3964 | D:5      | Reached XP level 8. HP: 47/51 MP: 7/7
  4258 | D:6      | Reached skill level 5 in Armour
  4427 | D:6      | Noticed Blork the orc
  4436 | D:6      | Killed Blork the orc
  4528 | D:6      | Reached skill level 5 in Shields
  4532 | D:6      | Found a blossoming altar of Fedhas.
  4840 | D:6      | Noticed akwyp's ghost (experienced GrSk)
  4879 | D:6      | Killed akwyp's ghost
  4879 | D:6      | Reached skill level 8 in Fighting
  4879 | D:6      | Reached XP level 9. HP: 6/56 MP: 8/8
  5202 | D:6      | Found a glowing drain.
  5217 | Sewer    | Entered a sewer
  5398 | Sewer    | Found a glowing silver altar of Zin.
  5978 | D:6      | Mangled by an orc warrior

Action                   |  1- 3 |  4- 6 |  7- 9 || total
-------------------------+-------+-------+-------++-------
Melee: Mace              |   130 |   208 |   313 ||   651
       Flail             |       |       |   135 ||   135
Evoke: Wand              |       |       |     1 ||     1
  Use: Scroll            |       |     3 |     2 ||     5
       Potion            |       |       |     7 ||     7
 Stab: Invisible         |       |       |     1 ||     1
